AoeStats
← 17_Neo_

Arabian Desert

510004079Analyzed
1v1 RM · 4d ago on Sep 29, 2026· 31m 45s· 2 players
Game mode
Random Map
Map size
Tiny (2 player)
Population
200
Speed
Normal
Resources
Standard
Victory
Conquest
Starting age
Dark Age
Ending age
Imperial Age
RankedLock teamsTeams togetherTeam positionsShared explorationLock speedFull tech treeHidden civsTurbo modeCheats
Victory
Defeat
🇨🇴 Maya · Colombia
1651
+17
1668
-17
17_Neo_
0:27 Loom
10:08 Feudal Age
11:35 Double-Bit Axe
15:12 Fletching
19:44 Padded Archer Armor
27:15 Castle Age
25:15 Man-at-Arms
25:56 Scale Mail Armor
26:32 Forging
27:06 Horse Collar
27:40 Long Swordsman
28:47 Chain Mail Armor
28:54 Arson
29:10 Squires
Im_16Years_Old_IamCaPte
5:03 Loom
9:57 Feudal Age
11:07 Man-at-Arms
19:53 Fletching
20:05 Town Watch
22:26 Scale Mail Armor
29:17 Castle Age
27:51 Forging
30:32 Chain Mail Armor
Connection lost

Rejoining the realm…

Still unreachable

The connection could not be restored.

Session expired

The server has moved on; the page needs a fresh start.